 Dungeon Crawl Stone Soup version 0.14.0-6-g1bc2dff (webtiles) character file.

730 Ragg the Skirmisher (level 7, 0/44 HPs)
             Began as a Gargoyle Berserker on Apr 12, 2014.
             Was a Priest of Trog.
             Slain by an ogre
             ... wielding a +0,+0 giant spiked club
              (12 damage)
             ... on Level 6 of the Dungeon.
             The game lasted 00:09:15 (3868 turns).

Ragg the Skirmisher (Gargoyle Berserker)            Turns: 3868, Time: 00:09:15

HP   0/44        AC 14     Str 23      XL: 7   Next: 14%
MP   7/7         EV 12     Int  7      God: Trog [***...]
Gold 241         SH  0     Dex  9      Spells:  0 memorised,  6 levels left

rFire  . . .     SeeInvis .     l - +0,+1 mace (holy)
rCold  . . .     Clarity  .     w - +0 scale mail
rNeg   + . .     Conserve .     (no shield)
rPois  +         rCorr    .     (no helmet)
rElec  +         rRot     +     (no cloak)
SustAb . .       Spirit   .     k - +0 pair of gloves
rMut   .         Warding  .     m - +0 pair of boots
Saprov . . .     Stasis   .     (no amulet)
MR     ++...                    (no ring)
                                x - +3 ring of evasion

@: regenerating, very resistant to hostile enchantments, extremely unstealthy
A: life protection 1, electricity resistance, unbreathing, petrification
resistance, AC +4
a: Burn Spellbooks, Berserk, Trog's Hand, Renounce Religion


You were on level 6 of the Dungeon.
You worshipped Trog.
Trog was most pleased with you.
You were near starving.

You visited 1 branch of the dungeon, and saw 6 of its levels.

You collected 241 gold pieces.

Inventory:

Hand weapons
 l - a +0,+1 mace of holy wrath (weapon)
Armour
 i - a +0 ring mail of cold resistance
 k - a +0 pair of gloves (worn)
 m - a +0 pair of boots (worn)
 w - a +0 scale mail (worn)
Magical devices
 v - a wand of flame (9)
Comestibles
 a - 2 chokos
 c - 4 bread rations
 f - 2 apples
 g - a meat ration
Scrolls
 d - 2 scrolls of noise
 h - 4 scrolls of identify
 q - 6 scrolls of remove curse
 r - a scroll of immolation {unknown}
 t - 2 scrolls of magic mapping {unknown}
 u - a scroll of recharging {unknown}
 y - a scroll of enchant armour {unknown}
 z - a scroll of fog
Jewellery
 x - a +3 ring of evasion (left hand)
Potions
 b - 2 potions of curing
 e - a potion of confusion {unknown}
 j - 5 potions of flight {unknown}
 n - a potion of mutation {unknown}
 p - a potion of invisibility {unknown}
 s - a potion of restore abilities {unknown}
 A - a potion of heal wounds {unknown}


   Skills:
 + Level 5.5 Fighting
 + Level 5.4 Maces & Flails
 + Level 5.3 Armour
 - Level 1.5 Dodging


You had 6 spell levels left.
You didn't know any spells.

Dungeon Overview and Level Annotations

Branches:
Dungeon (6/15)             Temple (0/1) D:5

Altars:
Trog
Vehumet


Innate Abilities, Weirdness & Mutations

You are resistant to torment.
You are immune to poison.
You are immune to rotting.
Your stone body is very resilient (AC +4).
You resist negative energy.
You are resistant to electric shocks.
You can survive without breathing.
You are immune to petrification.


Message History

* * * LOW HITPOINT WARNING * * *
You are too injured to fight recklessly!
You are too injured to fight recklessly!
You are too injured to fight recklessly!
You are too injured to fight recklessly!
Use which ability? (? or * to list)
Your skin crawls.
You feel resistant to hostile enchantments.
You feel slightly more hungry. The ogre misses you.
Use which ability? (? or * to list) You're too hungry to go berserk.
You hit the ogre.
The ogre is moderately wounded.
The ogre closely misses you.
You hit the ogre.
The ogre is heavily wounded.
You sock the ogre!
The ogre is almost dead.
The ogre hits you with a giant spiked club!
You die...

###
...
###.#
#...#
#<###
#...#
#.###
#.#
#@#
#O#
#.#
#.#
#.#
#.#
..#
###


You could see an ogre.

Vanquished Creatures
  An ice beast (D:5)
  An ogre (D:3)
  A centaur skeleton (D:4)
  2 worker ants
  3 hounds
  An iguana (D:4)
  3 adders
  2 worms
  2 giant geckos
  An ooze (D:1)
  3 orcs
  8 bats
  7 giant cockroaches
  10 hobgoblins
  4 jackals (D:2)
  6 quokkas
  A ball python (D:3)
  2 giant newts
  12 goblins
  2 goblin skeletons
  9 kobolds
  6 rats
87 creatures vanquished.

Notes
Turn   | Place    | Note
--------------------------------------------------------------
     0 | D:1      | Ragg, the Gargoyle Berserker, began the quest for the Orb.
     0 | D:1      | Reached XP level 1. HP: 14/14 MP: 1/1
   178 | D:1      | Reached XP level 2. HP: 14/19 MP: 2/2
   591 | D:1      | Acquired Trog's second power
   591 | D:1      | Reached XP level 3. HP: 23/23 MP: 3/3
  1048 | D:2      | Found a bloodstained altar of Trog.
  1408 | D:3      | Reached skill level 4 in Maces & Flails
  1454 | D:3      | Reached XP level 4. HP: 25/29 MP: 4/4
  2007 | D:3      | Noticed an ogre
  2015 | D:3      | Killed an ogre
  2015 | D:3      | Reached XP level 5. HP: 18/34 MP: 5/5
  2367 | D:4      | Reached XP level 6. HP: 29/40 MP: 6/6
  2444 | D:4      | Reached skill level 5 in Fighting
  2570 | D:4      | Reached skill level 5 in Maces & Flails
  2612 | D:4      | Found a radiant altar of Vehumet.
  2960 | D:5      | Entered Level 5 of the Dungeon
  3316 | D:5      | Reached skill level 5 in Armour
  3316 | D:5      | Reached XP level 7. HP: 44/44 MP: 7/7
  3602 | D:5      | Found a staircase to the Ecumenical Temple.
  3868 | D:6      | Slain by an ogre

Action                   |  1- 3 |  4- 6 |  7- 9 || total
-------------------------+-------+-------+-------++-------
Melee: Mace              |   107 |   140 |    17 ||   264
       Whip              |     6 |       |       ||     6
Invok: Trog's Hand       |       |       |     1 ||     1
  Use: Scroll            |       |     5 |       ||     5
